 Dungeon Crawl Stone Soup version 0.30-a0-862-g1aabd4f9c5 (webtiles) character file.

Game seed: 1693292455699845841

83616 ryw the Summoner (level 14, -6/118 HPs)
             Began as a Demigod Conjurer on Mar 9, 2023.
             Killed by divine providence
             ... invoked by a meliai
              (16 damage)
             ... on level 3 of the Spider Nest.
             The game lasted 01:21:59 (34544 turns).

ryw the Summoner (Demigod Conjurer)                Turns: 34544, Time: 01:22:00

Health: -6/118     AC: 12    Str:  8    XL:     14   Next: 93%
Magic:  8/32       EV: 16    Int: 50    God:
Gold:   1809       SH:  8    Dex: 14    Spells: 8/33 levels left

rFire   + . .      SeeInvis .    Q - +11 mace of Sunlight {freeze, rPois Int+3 Dex+2}
rCold   x . .      Faith    .    F - +3 buckler
rNeg    . . .      Spirit   .    g - +2 robe {Will+}
rPois   +          Reflect  .    D - +2 hat
rElec   .          Rampage  .    h - +2 cloak {rCorr}
rCorr   +                        (no gloves)
Will    +++..                    G - +2 pair of boots
Stlth   ++                       (no amulet)
HPRegen 0.39/turn                J - ring "Tiofupn" {Fire Int+5}
MPRegen 0.23/turn                C - +6 ring of intelligence

@: swift, spiked, forested, studying Long Blades, quick
A: high MP 1, forlorn, divine attributes, strong-willed 1
a: no special abilities


You were on level 3 of the Spider Nest.
You visited 4 branches of the dungeon, and saw 21 of its levels.

You collected 2958 gold pieces.
You spent 1149 gold pieces at shops.

Inventory:

Hand Weapons
 q - the +9 dagger "Vepseh" {holy, rElec Int+2}
   (You found it on level 10 of the Dungeon)

   Int:       It affects your intelligence (+2).
   rElec:     It insulates you from electricity.
 Q - the +11 mace of Sunlight (weapon) {freeze, rPois Int+3 Dex+2}
   (You bought it in a shop on level 2 of the Orcish Mines)

   Int:       It affects your intelligence (+3).
   Dex:       It affects your dexterity (+2).
   rPois:     It protects you from poison.
Armour
 g - a +2 robe of willpower (worn)
 h - a +2 cloak of preservation (worn)
 D - a +2 hat (worn)
 F - a +3 buckler (worn)
 G - a +2 pair of boots (worn)
Jewellery
 l - a ring of the Octopus King {rN+ HP+2 AC+2 EV+2 SH+2}
   (You found it on level 5 of the Lair of Beasts)

   [ring of positive energy]

   AC:        It affects your AC (+2).
   EV:        It affects your evasion (+2).
   rN:        It protects you from negative energy.
   HP:        It affects your health (+2).
   SH:        It affects your SH (+2).
 C - a +6 ring of intelligence (right hand)
 J - the ring "Tiofupn" (left hand) {Fire Int+5}
   (You found it on level 3 of the Lair of Beasts)

   [ring of fire]

   It enhances your fire magic.
   Int:       It affects your intelligence (+5).
   rF:        It protects you from fire.
   rC:        It makes you vulnerable to cold.
 L - an amulet of magic regeneration
Wands
 k - a wand of digging (10)
 o - a wand of light (13)
 x - a wand of roots (33)
 y - a wand of charming (4)
 P - a wand of mindburst (10)
Scrolls
 f - 3 scrolls of enchant armour
 p - a scroll of fear
 s - 2 scrolls of magic mapping
 t - 4 scrolls of amnesia
 u - a scroll of teleportation
 H - a scroll of butterflies
 I - a scroll of enchant weapon
 K - 3 scrolls of identify
 M - 2 scrolls of silence
 N - a scroll of fog
 R - 2 scrolls of poison
Potions
 a - 4 potions of heal wounds
 b - 2 potions of magic
 c - 5 potions of might
 d - 9 potions of attraction
 e - a potion of berserk rage
 j - 4 potions of cancellation
 m - 11 potions of curing
 n - 5 potions of mutation
 v - 2 potions of haste
 w - 3 potions of brilliance
 z - 6 potions of flight
 A - 11 potions of ambrosia
 B - a potion of resistance
 E - 3 potions of invisibility
 O - a potion of lignification


   Skills:
 + Level 9.3 Fighting
 - Level 6.9(7.3) Short Blades
 - Level 3.5(5.7) Long Blades
 - Level 3.0 Armour
 - Level 10.0 Dodging
 - Level 2.0 Stealth
 - Level 5.0 Shields
 - Level 10.0 Spellcasting
 - Level 8.0 Conjurations
 * Level 13.4 Summonings
 - Level 5.0 Translocations
 - Level 3.0 Fire Magic
 - Level 3.0 Air Magic


You had 8 spell levels left.
You knew the following spells:

 Your Spells              Type           Power      Damage    Failure   Level
a - Swiftness             Air            53%        N/A       1%          3
b - Summon Lightning Spi  Summ/Air       82%        N/A       1%          4
c - Summon Forest         Summ/Tloc      43%        N/A       1%          5
d - Sticky Flame          Conj/Fire      88%        2d10      1%          4
f - Searing Ray           Conj           100%       2d8       1%          2
z - Summon Hydra          Summ           51%        N/A       3%          7

Your spell library contained the following spells:

 Spells                   Type           Power      Damage    Failure   Level
 Magic Dart               Conj           100%       1d8       1%          1
 Necrotise                Necr           100%       1d9       1%          1
 Shock                    Conj/Air       100%       1d9       1%          1
 Cigotuvi's Dreadful Rot  Necr/Pois/Air  70%        N/A       1%          2
 Dazzling Flash           Conj/Hex       100%       N/A       1%          3
 Inner Flame              Hex/Fire       56%        N/A       1%          3
 Portal Projectile        Hex/Tloc       100%       N/A       1%          3
 Flame Wave               Conj/Fire      88%        2d19      1%          4
 Iskenderun's Mystic Bla  Conj/Tloc      74%        2d15      1%          4
 Fulminant Prism          Conj/Hex       30%        3d15      2%          4
 Tukima's Dance           Hex            25%        N/A       3%          3
 Vampiric Draining        Necr           25%        2d7       3%          3
 Airstrike                Air            26%        2d(4-20)  3%          4
 Lightning Bolt           Conj/Air       34%        1d51      3%          5
 Dispel Undead            Necr           25%        3d12      11%         4
 Agony                    Necr           25%        N/A       30%         5
 Blade Hands              Tmut           12%        N/A       30%         5
 Death Channel            Necr           12%        N/A       86%         6
 Eringya's Noxious Bog    Tmut/Pois      12%        N/A       86%         6


Dungeon Overview and Level Annotations

Branches:
Dungeon (11/15)            Temple (0/1) D:5            Lair (5/5) D:10
 Shoals (0/4) Lair:2       Spider (3/4) Lair:3        Slime (0/5) Lair:4
    Orc (2/2) D:11            Elf (0/3) Orc:2

Shops:
Orc:2 *!**!


Innate Abilities, Weirdness & Mutations

You have an increased reservoir of magic. (+10% MP)
You shall have no god before yourself.
Your divine heritage dramatically boosts your attributes as you level up.
You are strong-willed. (Will+)


Message History

Your nine-headed hydra completely misses the demonic crawler.
Your nine-headed hydra bites the demonic crawler. x2
Your nine-headed hydra bites the demonic crawler!
Your nine-headed hydra closely misses the demonic crawler.
The meliai invokes the aid of its god against you.
Something smites you!
The meliai mumbles some strange prayers to its god against you.
Something smites you!
The meliai invokes the aid of its god against your lightning spire.
Your lightning spire is smitten.
The demonic crawler hits your nine-headed hydra!
The demonic crawler closely misses your nine-headed hydra.
The demonic crawler hits your nine-headed hydra.
The jumping spider is healed somewhat.
The steelbarb worm hits you!!
* * * LOW HITPOINT WARNING * * *
Barbed spikes become lodged in your body.
Your dryad draws upon the vitality of nature.
Your dryad is healed somewhat.
The tarantella touches your lightning spire!
The torpor snail bites your snaplasher vine!!
Your snaplasher vine is destroyed!
Your snaplasher vine barely misses the demonic crawler.
Your snaplasher vine hits the demonic crawler but does no damage.
Blink to where?
Press: ? - help, Dir - move target A redback comes into view.
Found a potion of invisibility.
As you read the scroll of blinking, it crumbles to dust.
You feel yourself speed up.
A root smacks the tarantella from below!
You feel a bit more experienced.
Your ten-headed hydra is no longer moving slowly.
The meliai hits your lightning spire but does no damage.
The meliai hits something but does no damage.
The meliai stings your lightning spire.
Your snaplasher vine completely misses the meliai.
Your snaplasher vine hits the meliai!
The meliai calls down the wrath of its god upon you.
Something smites you!
You die...

....#. ......#
....#........## .
............. .##..
.^....♣^.... ^.s..#
....^.....─♣♣.....#
#...#.♣../.........
.!#....^w..@....#
.....D.y.s......~~#
♣^.y.w8♣s..!...#≈
♣..#...yR#......##
...†♣...y#♣.....#
......^Dw>......^#
.....s.s.─♣.......≈
♣..♣...s.^#....~##≈
.†♣w....♣.. ~~


You could see a steelbarb worm (berserk), a moth of wrath, a culicivora
(distracted), a tarantella (distracted), a redback (wandering), 2 meliai, a
friendly ten-headed hydra (summoned), a friendly snaplasher vine and a friendly
lightning spire (summoned).

Vanquished Creatures
  The ghost of Lobster4 the Thaumaturge, a journeyman DrCj of Okawaru (Lair:3)
  A spark wasp (Spider:1)
  An ettin (Orc:2)
  Erica (D:10)
  A jorogumo (Spider:1)
  2 death yaks (Lair:3)
  A skyshark (Lair:5)
  2 sea snakes (Lair:5)
  2 wolf spider zombies (D:8)
  Pikel (D:6)
  An oklob plant (D:10)
  4 elephants
  A merfolk siren (Lair:2)
  Maurice (D:10)
  A black mamba (Lair:4)
  3 centaur zombies (D:8)
  6 cane toads
  A nameless horror (Lair:3)
  A centaur skeleton (D:8)
  6 rime drakes
  An unseen horror (D:10)
  An ice devil (Lair:4)
  A komodo dragon (Lair:1)
  2 hellwings (D:7)
  2 polar bears
  A troll (Orc:1)
  A meliai zombie (D:8)
  2 blink frogs
  Prince Ribbit (D:6)
  A jumping spider (Spider:1)
  A shadow (D:9)
  3 wyverns
  A centaur simulacrum (D:11)
  3 culicivoras (Lair:3)
  17 yaks
  A basilisk (Lair:1)
  A catoblepas simulacrum (Lair:3)
  A warg (Orc:1)
  3 acid dragons
  12 water moccasins
  3 orc warriors
  A black bear (D:6)
  4 wolves
  2 centaurs (D:10)
  2 ogres
  A lemure (D:6)
  2 phantoms
  5 bullfrogs
  2 kobold brigands
  A gnoll sergeant (D:10)
  3 scorpions
  3 wights (D:6)
  11 killer bees
  5 howler monkeys
  A rime drake simulacrum (Lair:3)
  4 orc priests
  3 hounds
  6 jellies
  2 sleepcaps
  An iguana (D:6)
  3 hell rats (Lair:3)
  A boggart zombie (D:8)
  20 orc wizards
  8 adders
  12 gnolls
  6 shadow imps
  2 white imps
  2 worms
  A dart slug (D:4)
  35 orcs
  A ball python (D:2)
  5 bats
  12 endoplasms
  3 giant cockroaches
  5 goblins
  9 hobgoblins
  6 jackals
  5 quokkas
  A frilled lizard (D:1)
  17 kobolds
  3 rats
313 creatures vanquished.

Vanquished Creatures (collateral kills)
  Donald (Spider:1)
  2 emperor scorpions
  3 spark wasps (Spider:1)
  Josephine (Spider:1)
  An entropy weaver (Lair:3)
  2 hydras
  An ice dragon (Lair:3)
  3 boulder beetles
  A merfolk avatar (Lair:5)
  3 skysharks
  4 pharaoh ants (Spider:1)
  A sea snake (Lair:5)
  An orb spider (Spider:1)
  A harpy (Lair:5)
  2 steelbarb worms (Spider:2)
  3 orc knights
  7 wolf spiders
  8 orc sorcerers (Orc:2)
  2 cyclopes (D:11)
  2 manticores
  6 elephants
  4 torpor snails
  2 demonic crawlers
  6 cane toads
  8 rime drakes
  6 komodo dragons
  An ice devil (Lair:4)
  A queen bee (Lair:2)
  4 trolls
  7 hornets
  2 polar bears
  3 nameless horrors
  12 tarantellas
  14 blink frogs
  4 culicivoras
  A shadow (D:11)
  2 jumping spiders
  11 wyverns
  5 wraiths (Spider:1)
  8 basilisks
  24 yaks
  13 redbacks
  3 vampire mosquitoes (D:11)
  5 wargs
  2 water moccasins (Lair:2)
  2 hell hounds (Orc:1)
  6 orc warriors
  A black mamba simulacrum (Lair:3)
  3 ogres
  8 wolves
  A centaur (D:11)
  3 bullfrogs
  A dream sheep simulacrum (Lair:3)
  13 killer bees (Lair:2)
  3 electric eels (Lair:4)
  A torpor snail simulacrum (Lair:3)
  9 jellies (Lair:4)
  7 orc priests
  23 orc wizards
  2 hell rats (Lair:3)
  A polar bear simulacrum (Lair:3)
  46 orcs
  An endoplasm (Lair:4)
  A bush (Lair:5)
335 creatures vanquished.

Vanquished Creatures (others)
  A culicivora (Spider:1)
  An orc wizard (D:7)
  52 fungi
  102 plants
  16 snaplasher vines
  2 withered plants (D:8)
174 creatures vanquished.

Grand Total: 822 creatures vanquished

Notes
Turn   | Place    | Note
-------+----------+-------------------------------------------
     0 | D:1      | ryw the Demigod Conjurer began the quest for the Orb.
     0 | D:1      | Reached XP level 1. HP: 14/14 MP: 5/5
   632 | D:1      | Reached XP level 2. HP: 20/20 MP: 2/7
  1343 | D:2      | Reached XP level 3. HP: 25/27 MP: 2/8
  1407 | D:2      | Learned a level 2 spell: Searing Ray
  1617 | D:2      | Reached skill level 1 in Fighting
  2341 | D:3      | Reached XP level 4. HP: 35/35 MP: 4/10
  2892 | D:3      | Identified the +4 ring mail "Otwo" {rF+}
  3221 | D:4      | Reached XP level 5. HP: 41/41 MP: 6/11
  3698 | D:4      | Reached skill level 5 in Conjurations
  4036 | D:4      | You fall into a shaft and drop 1 floor!
  4036 | D:5      | Entered Level 5 of the Dungeon
  4469 | D:5      | Reached XP level 6. HP: 48/48 MP: 4/13
  4601 | D:5      | Found a staircase to the Ecumenical Temple.
  5004 | D:5      | Reached XP level 7. HP: 52/56 MP: 8/15
  5307 | D:6      | Reached skill level 1 in Short Blades
  5376 | D:6      | Noticed a yak
  5387 | D:6      | Killed a yak
  5462 | D:6      | Noticed a yak
  5462 | D:6      | Noticed a yak
  5462 | D:6      | Noticed a yak
  5467 | D:6      | Noticed a yak
  5468 | D:6      | Noticed a yak
  5491 | D:6      | Killed a yak
  5492 | D:6      | Killed a yak
  5493 | D:6      | Reached XP level 8. HP: 22/64 MP: 7/17
  6566 | D:6      | Noticed Pikel
  6580 | D:6      | Killed Pikel
  6581 | D:6      | Reached skill level 1 in Armour
  6581 | D:6      | Reached skill level 5 in Dodging
  6581 | D:6      | Reached XP level 9. HP: 66/72 MP: 4/19
  6867 | D:6      | Learned a level 5 spell: Summon Forest
  6942 | D:5      | Reached skill level 1 in Summonings
  7117 | D:6      | Reached skill level 2 in Summonings
  7401 | D:7      | Reached skill level 5 in Fighting
  7454 | D:7      | Noticed Prince Ribbit
  7479 | D:6      | Killed Prince Ribbit
  7480 | D:6      | Reached skill level 5 in Spellcasting
  7583 | D:7      | Reached skill level 3 in Summonings
  8577 | D:8      | Reached skill level 4 in Summonings
  8937 | D:8      | Reached XP level 10. HP: 74/83 MP: 5/21
  9235 | D:7      | Reached skill level 5 in Summonings
 10155 | D:8      | Identified the +1 longbow "Newtbane" {antimagic, Str+7}
 10486 | D:8      | Reached skill level 1 in Shields
 10486 | D:8      | Reached skill level 6 in Summonings
 12872 | D:10     | Entered Level 10 of the Dungeon
 13347 | D:10     | Identified the +9 dagger "Vepseh" {holy, rElec Int+2}
 13420 | D:10     | Learned a level 3 spell: Swiftness
 13443 | D:10     | Noticed Maurice
 13462 | D:10     | Killed Maurice
 13895 | D:10     | Noticed Erica
 14259 | D:10     | Reached skill level 7 in Summonings
 14330 | D:10     | Noticed an oklob plant
 14515 | D:10     | Found a staircase to the Lair.
 14539 | D:10     | Killed an oklob plant
 14540 | D:10     | Reached XP level 11. HP: 80/91 MP: 3/22
 14746 | Lair:1   | Entered Level 1 of the Lair of Beasts
 14877 | Lair:1   | Reached skill level 1 in Long Blades
 14955 | Lair:1   | Learned a level 4 spell: Sticky Flame
 15018 | Lair:1   | Learned a level 4 spell: Summon Lightning Spire
 15995 | Lair:2   | Reached skill level 1 in Air Magic
 16169 | Lair:2   | Reached skill level 1 in Fire Magic
 16296 | Lair:2   | Reached skill level 1 in Translocations
 16448 | Lair:2   | Found a staircase to the Shoals.
 17274 | Lair:2   | Noticed a seven-headed hydra
 17282 | Lair:2   | Killed a seven-headed hydra
 18423 | Lair:3   | Reached skill level 5 in Shields
 18503 | Lair:3   | Noticed a boulder beetle
 18525 | Lair:3   | Reached skill level 8 in Summonings
 18615 | Lair:3   | Found a runed translucent gate.
 18615 | Lair:3   | Found a runed translucent gate.
 18615 | Lair:3   | Found a runed translucent gate.
 18664 | Lair:3   | Noticed an ice dragon
 18671 | Lair:3   | Killed an ice dragon
 18676 | Lair:3   | Reached skill level 5 in Short Blades
 18698 | Lair:3   | Noticed Lobster4's ghost (journeyman DrCj)
 18983 | Lair:2   | Reached XP level 12. HP: 98/100 MP: 14/23
 19046 | Lair:3   | Killed a boulder beetle
 19602 | Lair:3   | Killed Lobster4's ghost
 19735 | Lair:3   | Found a hole to the Spider Nest.
 19931 | Lair:3   | Noticed a boulder beetle
 19942 | Lair:3   | Killed a boulder beetle
 20797 | Lair:3   | Noticed a six-headed hydra
 20801 | Lair:3   | Killed a six-headed hydra
 20802 | Lair:3   | Reached skill level 9 in Summonings
 21364 | Lair:3   | Got the ring "Tiofupn" {Fire Int+5}
 21937 | Lair:4   | Found a staircase to the Slime Pits.
 22062 | Lair:4   | Reached XP level 13. HP: 106/107 MP: 4/26
 22487 | Lair:4   | Reached skill level 10 in Summonings
 22746 | Lair:4   | You fall into a shaft and drop 1 floor!
 22746 | Lair:5   | Entered Level 5 of the Lair of Beasts
 23316 | Lair:4   | Gained mutation: You have hidden genetic potential. [potion
                  | of mutation]
 23316 | Lair:4   | Gained mutation: You do not regenerate when monsters are
                  | visible. [potion of mutation]
 23316 | Lair:4   | Gained mutation: Your spells are a little easier to cast,
                  | but a little less powerful. [potion of mutation]
 23316 | Lair:4   | Gained mutation: Your flesh is cold resistant. (rC+)
                  | [potion of mutation]
 23317 | Lair:4   | Lost mutation: You do not regenerate when monsters are
                  | visible. [potion of mutation]
 23317 | Lair:4   | Lost mutation: Your flesh is cold resistant. (rC+) [potion
                  | of mutation]
 23317 | Lair:4   | Lost mutation: You have hidden genetic potential. [potion
                  | of mutation]
 23317 | Lair:4   | Lost mutation: Your spells are a little easier to cast, but
                  | a little less powerful. [potion of mutation]
 23317 | Lair:4   | Gained mutation: You are strong-willed. (Will+) [potion of
                  | mutation]
 23349 | Lair:5   | Reached skill level 5 in Translocations
 23502 | Lair:5   | HP: 5/107 [poisoned by a cane toad]
 24306 | Lair:5   | Learned a level 7 spell: Summon Hydra
 24398 | Lair:5   | Reached skill level 11 in Summonings
 24988 | Lair:5   | Found the ring of the Octopus King
 25001 | Lair:5   | Identified a ring of the Octopus King {rN+ HP+2 AC+2 EV+2
                  | SH+2}
 26337 | D:10     | Killed Erica
 27081 | D:11     | Found a staircase to the Orcish Mines.
 27505 | Orc:1    | Entered Level 1 of the Orcish Mines
 27596 | Orc:1    | Found a dark tunnel.
 27674 | Orc:1    | Reached XP level 14. HP: 111/115 MP: 24/31
 28321 | Orc:2    | Entered Level 2 of the Orcish Mines
 28825 | Orc:2    | Found Aciwnuwn's General Store.
 28886 | Orc:2    | Reached skill level 12 in Summonings
 29606 | Orc:2    | Found Rucolaw's Distillery.
 29606 | Orc:2    | Found Millunoe's General Store.
 30068 | Orc:2    | Found a staircase to the Elven Halls.
 30136 | Orc:2    | Found Ajeeraal's General Store.
 30136 | Orc:2    | Found Mitem's Distillery.
 30512 | Orc:2    | Bought the +11 mace of Sunlight {freeze, rPois Int+3 Dex+2}
                  | for 1149 gold pieces
 30691 | Spider:1 | Entered Level 1 of the Spider Nest
 31617 | Spider:1 | Noticed an emperor scorpion
 31626 | Spider:1 | Killed an emperor scorpion
 32292 | Spider:1 | Noticed Donald
 32297 | Spider:1 | Noticed Josephine
 32299 | Spider:1 | Reached skill level 10 in Spellcasting
 32299 | Spider:1 | Killed Donald
 32302 | Spider:1 | Killed Josephine
 32536 | Spider:1 | Paralysed by a jorogumo for 1 turns
 32722 | Spider:1 | Reached skill level 13 in Summonings
 33875 | Spider:1 | Identified a scroll of acquirement
 33877 | Spider:1 | Acquired 407 gold pieces
 34002 | Spider:2 | Noticed an emperor scorpion
 34010 | Spider:2 | Reached skill level 10 in Dodging
 34013 | Spider:2 | Killed an emperor scorpion
 34536 | Spider:2 | You fall into a shaft and drop 1 floor!
 34544 | Spider:3 | Killed from afar by a meliai

Illustrated notes

Levels and vault maps discovered:
D:1:      onia_arrival_mini_maze_b, layout_basic, minmay_bisected
D:2:      layout_loops_ring, basic_altar
D:3:      layout_basic
D:4:      minmay_inner_zag, layout_loops_ring, grunt_qazlal_sundering
D:5:      layout_rooms, grunt_temple_overflow_open, minmay_temple_entry_mist
D:6:      layout_loops_ring, mainiacjoe_overflow_brackets, corexii_corridor_pit,
          kennysheep_generic_room_8, uniq_pikel
D:7:      layout_cave_pools, xom_redecorated, uniq_prince_ribbit1
D:8:      cheibrodos_grave_circle, layout_basic, grunt_ministairs_7,
          hangedman_abyss_or_decor_stagger, chequers_decorated_corner,
          bh_walls_and_bars
D:9:      hellmonk_crumbling_castle, layout_basic
D:10:     layout_roguey, dpeg_oklobed_lair, uniq_erica, uniq_maurice
D:11:     layout_rooms, david_orc_2, nicolae_titane
Lair:1:   layout_chaotic_city, basic_altar, serial_forest,
          infiniplex_forest_end_1, infiniplex_forest_lined_room_2,
          infiniplex_forest_lined_room_, infiniplex_forest_lined_3_way,
          infiniplex_forest_zigzag_1, infiniplex_forest_lined_room_,
          infiniplex_forest_zigzag_2, lemuel_fruit_tree
Lair:2:   layout_cave_pods, minmay_shoals_entry_lonely_mermaid, special_room
          [special_room_bee], beast_lair_carwin_2, infiniplex_staircase_pool_2
Lair:3:   layout_roguey [special_room_mythical_zoo],
          hellmonk_spider_entry_life_and_decay, gammafunk_ghost_icy
Lair:4:   layout_loops_ring, minmay_slime_entry_jelly_boxes,
          portal_ice_cave_demonic_guard, serial_bayou_shore_a
Lair:5:   gammafunk_lair_ancient_temple, layout_layer_cave, grunt_megastairs_5
Spider:1: layout_spider_delve, dreamdust_wasp_nest, uniq_josephine, uniq_donald
Spider:2: layout_cave_pods, gammafunk_ghost_grave
Spider:3: layout_spider_delve, uniq_arachne, uniq_agnes
Orc:1:    layout_diamond_mine, basic_altar, enter_volcano_3
Orc:2:    st_orc_town, layout_caves, serial_shops,
          nicolae_shop_temple_entry_statues_fountains

Skill      XL: |  1  2  3  4  5  6  7  8  9 10 11 12 13 14 |
---------------+-------------------------------------------+-----
Stealth        | 2 |  2.0
Dodging        | 2 3 4 5 6 7 8 9 10 | 10.0
Spellcasting   | 2 3 4 5 6 9 10 | 10.0
Conjurations   | 4 5 6 7 8 |  8.0
Fighting       | 1 2 3 4 5 6 7 8 9 |  9.3
Short Blades   | 2 3 5 6 |  6.9
Armour         | 1 3 |  3.0
Summonings     | 4 7 8 9 11 13 | 13.4
Shields        | 3 5 |  5.0
Long Blades    | 2 3 |  3.5
Air Magic      | 2 3 |  3.0
Fire Magic     | 2 3 |  3.0
Translocations | 2 4 5 |  5.0

Action                     |  1- 3 |  4- 6 |  7- 9 | 10-12 | 13-15 || total
---------------------------+-------+-------+-------+-------+-------++-------
  Melee: Unarmed           |     6 |       |       |       |       ||     6
         Dagger            |     3 |       |       |   117 |    67 ||   187
         Rapier            |       |    33 |    29 |    68 |       ||   130
         Punch             |       |       |     1 |     1 |       ||     2
         Mace              |       |       |       |       |    11 ||    11
   Cast: Magic Dart        |    89 |   143 |   127 |   189 |    40 ||   588
         Searing Ray       |       |     1 |    41 |    79 |     5 ||   126
         Summon Forest     |       |       |       |    27 |    56 ||    83
         Swiftness         |       |       |       |     2 |     3 ||     5
         Sticky Flame      |       |       |       |    61 |    52 ||   113
         Summon Lightning  |       |       |       |    56 |   120 ||   176
         Summon Hydra      |       |       |       |       |    41 ||    41
  Evoke: Wand              |       |       |       |     3 |       ||     3
    Use: Scroll            |     3 |       |    17 |    14 |     8 ||    42
         Potion            |       |       |       |     1 |     5 ||     6
   Stab: Distracted        |       |       |       |     4 |       ||     4
 Armour: Robe              |     4 |     2 |       |    88 |    65 ||   159
         Ring mail         |       |    28 |   100 |   221 |       ||   349
  Dodge: Dodged            |    19 |    27 |    80 |   286 |   127 ||   539
  Block: Buckler           |       |       |       |   128 |    87 ||   215

Table legend: (Time is in decaauts)
 A = Elapsed time spent in this place.
 B = Non-inter-level travel time spent in this place.
 C = Inter-level travel time spent in this place.
 D = Time resting spent in this place.
 E = Time spent auto-exploring this place.
 F = Levels seen in this place.
 G = Mean time per level.
                   A        B        C        D        E       F      G
               +--------+--------+--------+--------+--------+-----+--------+
         Total |  34642 |  33245 |   1397 |  12044 |  16307 |  21 | 1649.6 |
       Dungeon |  16010 |  15397 |    613 |   4434 |   8761 |  11 | 1455.5 |
          Lair |  12509 |  12009 |    500 |   5199 |   5081 |   5 | 2501.8 |
   Spider Nest |   3027 |   3016 |     11 |   1815 |    839 |   3 | 1009.0 |
  Orcish Mines |   3096 |   2823 |    273 |    596 |   1626 |   2 | 1548.0 |
               +--------+--------+--------+--------+--------+-----+--------+

Top non-repeatable levels by time:
  Lair:3: 3435 daAuts
  Lair:2: 2680 daAuts
  Lair:5: 2586 daAuts
Spider:1: 2357 daAuts
  Lair:4: 2279 daAuts
   Orc:2: 2100 daAuts
     D:7: 2050 daAuts
    D:10: 2047 daAuts
     D:6: 2033 daAuts
     D:8: 2010 daAuts
  Lair:1: 1527 daAuts
     D:9: 1360 daAuts
     D:4: 1220 daAuts
     D:1: 1191 daAuts
    D:11: 1072 daAuts
